 Dungeon Crawl Stone Soup version 0.22-a0-587-g7d32d7c (webtiles) character file.

82 Azzok the Digger (level 4, 0/24 HPs)
             Began as a Gargoyle Earth Elementalist on July 4, 2018.
             Slain by a goblin
             ... wielding a +0 dagger
             ... led by Robin
              (1 damage)
             ... on level 3 of the Dungeon.
             The game lasted 00:03:32 (1428 turns).

Azzok the Digger (Gargoyle Earth Elementalist)      Turns: 1428, Time: 00:03:33

Health: 0/24       AC: 13    Str: 11    XL:     4   Next: 43%
Magic:  8/8        EV:  5    Int: 17    God:
Gold:   135        SH:  0    Dex: 10    Spells: 7/8 levels left

rFire    . . .     SeeInvis .   l - +0 dagger (venom)
rCold    + . .     Gourm    .   (no shield)
rNeg     + . .     Faith    .   o - +1 chain mail {rC+}
rPois    ∞         Spirit   .   (no helmet)
rElec    +         Reflect  .   (no cloak)
rCorr    .         Harm     .   (no gloves)
MR       .....                  e - +0 pair of boots
Stlth    ..........             (no amulet)
HPRegen  0.08/turn              (no ring)
MPRegen  0.11/turn              (no ring)

@: no status effects
A: negative energy resistance 1, electricity resistance, unbreathing,
petrification resistance, rot immunity, AC +3
a: no special abilities


You were on level 3 of the Dungeon.
You were hungry.

You visited 1 branch of the dungeon, and saw 3 of its levels.

You collected 135 gold pieces.

Inventory:

Hand Weapons
 l - a +0 dagger of venom (weapon)
Missiles
 b - 60 stones (quivered)
Armour
 c - a +0 robe
 e - a +0 pair of boots (worn)
 o - a +1 chain mail of cold resistance (worn)
Wands
 r - a wand of scattershot (5)
 u - a wand of paralysis (12)
Scrolls
 f - a scroll of immolation {unknown}
 g - 2 scrolls of fear {unknown}
 h - 3 scrolls of remove curse {unknown}
 k - a scroll of enchant weapon {unknown}
 q - a scroll of amnesia {unknown}
 t - a scroll of magic mapping {unknown}
Potions
 i - 2 potions of flight {unknown}
 j - a potion of curing {unknown}
 m - a potion of lignification {unknown}
 n - a potion of cancellation {unknown}
 p - a potion of might {unknown}
 s - a potion of heal wounds {unknown}
Comestibles
 d - 5 rations


   Skills:
 + Level 2.2 Dodging
 + Level 3.2 Stealth
 + Level 2.7 Spellcasting
   Level 0.7 Transmutations
 + Level 4.3 Earth Magic


You had 7 spell levels left.
You knew the following spells:

 Your Spells              Type           Power        Failure   Level  Hunger
a - Sandblast             Erth           ###...       88%         1    #......

Your spell library contained the following spells:

 Spells                   Type           Power        Failure   Level  Hunger
 Stone Arrow              Conj/Erth      #.....       100%        3    ###....
 Passwall                 Tmut/Erth      ##......     99%         2    ##.....
 Lee's Rapid Deconstruct  Erth           ###.......   100%        5    ######.
 Petrify                  Tmut/Erth      ##......     100%        4    #####..


Dungeon Overview and Level Annotations

Branches:
Dungeon (3/15)

Altars:
Trog
Zin

Annotations:
D:3 Robin


Innate Abilities, Weirdness & Mutations

You are resistant to torment.
Your stone body is resilient. (AC +3)
You are immune to poison.
You resist negative energy. (rN+)
You are resistant to electric shocks. (rElec)
You can survive without breathing.
You are immune to petrification.
You are immune to rotting.


Message History

You kill the hobgoblin!
The goblin hits you but does no damage. Robin throws the goblin at you!
Things that are here:
a hobgoblin corpse; a worm corpse You hit the goblin.
The goblin is heavily wounded.
The goblin hits you but does no damage. Robin throws the goblin at you!
The goblin hits you.
* * * LOW HITPOINT WARNING * * *
You miss the goblin.
The goblin is heavily wounded.
The goblin hits you but does no damage. The goblin hits you with a club.
* * * LOW HITPOINT WARNING * * *
The goblin hits you.
* * * LOW HITPOINT WARNING * * *
You closely miss the goblin.
The goblin is heavily wounded.
The goblin hits you with a dagger.
You die...

·········▒ ▒···▒
▒·····▒†▒▒▒···▒▒▒▒▒▒▒
▒···················▒▒·
···········g············
▒···▒▒··········g·······
▒········▒▒····▒g▒▒▒·▒▒
······(▒▒▒▒····▒g▒
·▒▒▒▒▒ ▒····▒g▒ ▒····▒@▒
▒···$gg▒ ▒▒······
▒·······▒ ▒··$·····▒
▒··▒·▒···· ····▒····▒
▒··▒ ▒····


You could see Robin, 2 hobgoblins and 3 goblins.

Vanquished Creatures
  Terence (D:2)
  2 worms
  A dart slug (D:2)
  A leopard gecko (D:3)
  5 bats
  A giant cockroach (D:1)
  5 goblins
  13 hobgoblins
  4 jackals (D:2)
  5 kobolds
  5 rats
43 creatures vanquished.

Notes
Turn   | Place    | Note
-------+----------+-------------------------------------------
     0 | D:1      | Azzok the Gargoyle Earth Elementalist began the quest for the Orb.
     0 | D:1      | Reached XP level 1. HP: 10/10 MP: 3/3
   137 | D:1      | Reached XP level 2. HP: 10/15 MP: 1/5
   761 | D:2      | Reached skill level 4 in Earth Magic
   764 | D:2      | Reached XP level 3. HP: 17/19 MP: 6/6
   936 | D:2      | Noticed Terence
   946 | D:2      | Killed Terence
   946 | D:2      | Reached XP level 4. HP: 18/24 MP: 7/7
  1136 | D:2      | Found a glowing silver altar of Zin.
  1276 | D:2      | Found a bloodstained altar of Trog.
  1391 | D:3      | Noticed Robin
  1427 | D:3      | HP: 1/24 [goblin[Robin] (2)]
  1428 | D:3      | Slain by a goblin

Vault maps used:
D:1:      minmay_arrival_up_and_down
D:2:      bloody_trog, overflow_temple_1_default, minmay_misc_feat_tiny,
          uniq_terence
D:3:      first_ration, uniq_robin

Skill      XL: |  1  2  3 |
---------------+----------+-----
Earth Magic    | 4 |  4.3
Dodging        | 2 |  2.2
Stealth        | 3 |  3.2
Spellcasting   | |  2.7
Transmutations | |  0.7

Action                   |  1- 3 |  4- 6 || total
-------------------------+-------+-------++-------
Melee: Club              |    13 |       ||    13
       Dagger            |    67 |    61 ||   128
 Cast: Sandblast         |    10 |       ||    10
 Stab: Sleeping          |     1 |       ||     1
  Eat: Chunk             |       |     1 ||     1
Armor: Robe              |    25 |       ||    25
       Plate armour      |    17 |       ||    17
       Chain mail        |       |    52 ||    52
Dodge: Dodged            |    63 |    15 ||    78

Table legend:
 A = Spawn XP
 B = Non-spawn XP
 C = Spawn XP percentage of total XP
 D = Spawn monster count
 E = Non-spawn monster count
 F = Spawn count percentage of total count
 G = Total turns spent on level
                    A         B        C        D         E        F      G
               +---------+---------+-------+---------+---------+-------+---------
         Total |       0 |     118 |   0.0 |       0 |      43 |   0.0 |  1428
               +---------+---------+-------+---------+---------+-------+---------
           D:1 |       0 |      19 |   0.0 |       0 |      11 |   0.0 |   689
           D:2 |       0 |      84 |   0.0 |       0 |      26 |   0.0 |   686
           D:3 |       0 |      15 |   0.0 |       0 |       6 |   0.0 |    53
               +---------+---------+-------+---------+---------+-------+---------
